[Event "AUT-ch U16-Open 2025"]
[Site "Fuerstenfeld"]
[Date "2025.04.13"]
[Round "1.1"]
[White "Stickler, Florentin"]
[Black "Keller, Niklas"]
[Result "1-0"]
[Annotator "ChessBase"]
[ECO "B15"]
[WhiteElo "2189"]
[BlackElo "1888"]
[PlyCount "87"]
[EventDate "2025.04.12"]
[EventType "swiss"]
[EventCountry "AUT"]
[SourceTitle "playchess.com"]
[Source "ChessBase"]
[SourceQuality "1"]
[TimeControl "5400+30"]

1. e4 c6 2. d4 d5 3. Nc3 dxe4 4. Nxe4 Nf6 5. Nxf6+ exf6 6. c3 Bd6 7. Bd3 O-O 8. Qc2 Re8+ 9. Ne2 h6 10. O-O Nd7 11. Be3 Nf8 12. Rfe1 Be6 13. Ng3 Bxg3 14. hxg3 Bg4 15. Bf5 Bxf5 16. Qd3 Be4 17. Qxe4 Qd5 18. Qd3 Ne6 19. c4 Qd7 20. Rad1 Rad8 21. Qc3 b6 22. b4 Qb7 23. a4 Ng5 24. b5 Ne4 25. Qb3 Rc8 26. Rc1 c5 27. d5 Qd7 28. Rcd1 Nd6 29. f3 Ra8 30. a5 Reb8 31. Ra1 Qc7 32. axb6 axb6 33. Qc3 Qd8 34. Bf4 g5 35. Bd2 Kg7 36. f4 g4 37. Qd3 Qd7 38. f5 Qxf5 39. Qxf5 Nxf5 40. Bf4 Rd8 41. Bc7 Rdb8 42. d6 Nd4 43. Rxa8 Rxa8 44. d7 1-0

[Event "AUT-ch U16-Open 2025"]
[Site "Fuerstenfeld"]
[Date "2025.04.13"]
[Round "1.2"]
[White "Brown, Julian"]
[Black "Prober, Raphael"]
[Result "1/2-1/2"]
[Annotator "NA"]
[ECO "B45"]
[WhiteElo "1873"]
[BlackElo "2131"]
[PlyCount "86"]
[EventDate "2025.04.12"]
[EventType "swiss"]
[EventCountry "AUT"]
[SourceTitle "playchess.com"]
[Source "ChessBase"]
[SourceQuality "1"]
[TimeControl "5400+30"]

1. e4 c5 2. Nf3 Nc6 3. d4 cxd4 4. Nxd4 e6 5. Nc3 Bc5 6. Nb3 Bb4 7. Be2 Nf6 8. Bf3 O-O 9. O-O Qc7 10. Ne2 Ne5 11. Ned4 Nxf3+ 12. Qxf3 d5 13. exd5 Nxd5 14. c3 Be7 15. Nf5 Bf6 16. Ng3 b5 17. Re1 Bb7 18. Ne4 Be7 19. Qe2 a6 20. Bd2 h6 21. Rac1 Rac8 22. Red1 Nf4 23. Qg4 Ng6 24. Nd4 Ne5 25. Qe2 Qc4 26. Ng3 Qd5 27. f3 Nc4 28. Be1 Bg5 29. Rb1 h5 30. Bf2 h4 31. Ne4 Be7 32. h3 Qe5 33. Re1 Bxe4 34. Qxe4 Qxe4 35. fxe4 Ne5 36. Rbd1 g5 37. Nf3 Ng6 38. Be3 f6 39. Rd7 Rfd8 40. Red1 Rxd7 41. Rxd7 Rd8 42. Ra7 Rd6 43. Kf2 Rc6 1/2-1/2

[Event "AUT-ch U16-Open 2025"]
[Site "Fuerstenfeld"]
[Date "2025.04.13"]
[Round "1.3"]
[White "Pausweg, Daniel"]
[Black "Roessler, Felix"]
[Result "1-0"]
[Annotator "NA"]
[ECO "E01"]
[WhiteElo "2080"]
[BlackElo "1840"]
[PlyCount "87"]
[EventDate "2025.04.12"]
[EventType "swiss"]
[EventCountry "AUT"]
[SourceTitle "playchess.com"]
[Source "ChessBase"]
[SourceQuality "1"]
[TimeControl "5400+30"]

1. c4 Nf6 2. Nf3 e6 3. d4 d5 4. g3 Ne4 5. Bg2 Be7 6. Nbd2 f5 7. O-O Nc6 8. e3 Bf6 9. Qc2 h5 10. Ne1 h4 11. Nxe4 fxe4 12. f3 hxg3 13. hxg3 Nxd4 14. exd4 Bxd4+ 15. Rf2 O-O 16. Qe2 Bxf2+ 17. Kxf2 c6 18. Kg1 Qb6+ 19. Qe3 exf3 20. Nxf3 Qxe3+ 21. Bxe3 b6 22. Ne5 Bb7 23. Bh3 Rae8 24. c5 b5 25. a4 bxa4 26. Rxa4 a6 27. Bf4 Kh7 28. Kg2 g6 29. Nd3 Rf7 30. Bd6 Rf6 31. Ne5 g5 32. Rb4 Ba8 33. Rb6 Rg8 34. Rxa6 Bb7 35. Rb6 Rg7 36. Bg4 Kg8 37. b4 Rh7 38. b5 cxb5 39. c6 Bxc6 40. Rxc6 Rb7 41. Bb4 Ra7 42. Bxe6+ Kg7 43. Bxd5 Ra2+ 44. Bxa2 1-0

[Event "AUT-ch U16-Open 2025"]
[Site "Fuerstenfeld"]
[Date "2025.04.13"]
[Round "1.4"]
[White "Hellerschmid, Andreas"]
[Black "Chen, Chicheng Leon"]
[Result "1-0"]
[Annotator "NA"]
[ECO "D70"]
[WhiteElo "1835"]
[BlackElo "2021"]
[PlyCount "51"]
[EventDate "2025.04.12"]
[EventType "swiss"]
[EventCountry "AUT"]
[SourceTitle "playchess.com"]
[Source "ChessBase"]
[SourceQuality "1"]
[TimeControl "5400+30"]

1. d4 Nf6 2. c4 g6 3. f3 d5 4. cxd5 Nxd5 5. e4 Nb6 6. Nc3 Bg7 7. Be3 Nc6 8. d5 Na5 9. Bd4 O-O 10. Bxg7 Kxg7 11. b4 Nac4 12. Bxc4 Qd6 13. Qb3 Qf4 14. Nge2 Qe3 15. Nd1 Qg5 16. O-O Bd7 17. Qb2+ Kg8 18. Bb3 Bb5 19. a4 Bd3 20. Rf2 a5 21. b5 h5 22. Nd4 Bc4 23. Bxc4 Nxc4 24. Qc1 Qxc1 25. Rxc1 Nb6 26. Nb2 1-0

[Event "AUT-ch U16-Open 2025"]
[Site "Fuerstenfeld"]
[Date "2025.04.13"]
[Round "1.5"]
[White "Wu, Chenshan"]
[Black "Maymo, Gazwan"]
[Result "1-0"]
[Annotator "NA"]
[ECO "E39"]
[WhiteElo "2011"]
[BlackElo "1789"]
[PlyCount "113"]
[EventDate "2025.04.12"]
[EventType "swiss"]
[EventCountry "AUT"]
[SourceTitle "playchess.com"]
[Source "ChessBase"]
[SourceQuality "1"]
[TimeControl "5400+30"]

1. d4 Nf6 2. c4 e6 3. Nc3 Bb4 4. Qc2 c5 5. dxc5 O-O 6. Bg5 Bxc5 7. Nf3 d5 8. cxd5 exd5 9. e3 Be6 10. Be2 Nc6 11. O-O Rc8 12. Rfd1 Be7 13. Rac1 Qa5 14. a3 Rfd8 15. Qb1 d4 16. exd4 Nxd4 17. Nxd4 Qxg5 18. Nxe6 fxe6 19. Rxd8+ Rxd8 20. Bc4 Nd5 21. Bxd5 exd5 22. Rd1 d4 23. Ne2 Qe5 24. Nc1 Bd6 25. g3 Qf6 26. Qe4 Qe5 27. Qxd4 Qxd4 28. Rxd4 Be7 29. Rxd8+ Bxd8 30. Nd3 Bf6 31. b3 Bd4 32. Kg2 Kf7 33. Kf3 Ke6 34. Ke4 Bb6 35. f4 g6 36. g4 Bc7 37. h3 Bd6 38. a4 b6 39. Nb2 Kf6 40. Nc4 Bc7 41. Ne3 Ke6 42. f5+ gxf5+ 43. gxf5+ Kf7 44. Nd5 Bd6 45. b4 Bb8 46. b5 Bd6 47. Ne3 h5 48. Nc4 Bc7 49. Ne5+ Bxe5 50. Kxe5 Ke7 51. f6+ Kf7 52. h4 Kf8 53. Ke6 Ke8 54. f7+ Kf8 55. Kf6 a6 56. bxa6 b5 57. a7 1-0

[Event "AUT-ch U16-Open 2025"]
[Site "Fuerstenfeld"]
[Date "2025.04.13"]
[Round "1.6"]
[White "Gruenwald, Beat"]
[Black "Fuertler, Oliver"]
[Result "1/2-1/2"]
[Annotator "NA"]
[ECO "B45"]
[WhiteElo "1727"]
[BlackElo "2008"]
[PlyCount "96"]
[EventDate "2025.04.12"]
[EventType "swiss"]
[EventCountry "AUT"]
[SourceTitle "playchess.com"]
[Source "ChessBase"]
[SourceQuality "1"]
[TimeControl "5400+30"]

1. e4 c5 2. Nf3 Nc6 3. d4 cxd4 4. Nxd4 Nf6 5. Nc3 e6 6. Ndb5 Bc5 7. Bf4 O-O 8. Bc7 Qe7 9. Bd6 Bxd6 10. Qxd6 Qd8 11. Nc7 Rb8 12. Be2 a6 13. a4 Nd4 14. Qxd4 Qxc7 15. e5 Ne8 16. Rd1 f6 17. exf6 Nxf6 18. Qd6 Qxd6 19. Rxd6 Ne8 20. Rb6 Ra8 21. Ne4 d5 22. Nc5 Rf6 23. Rb3 e5 24. Nxb7 Bf5 25. Rc3 Rb6 26. Na5 Rxb2 27. Kd2 Nd6 28. f3 e4 29. Rc6 exf3 30. gxf3 Rd8 31. Bxa6 Nc4+ 32. Nxc4 dxc4+ 33. Ke3 Rxc2 34. Bxc4+ Kf8 35. Bb5 Ra2 36. Kf4 Bc2 37. Rc1 Bxa4 38. Bxa4 Rxa4+ 39. R1c4 Rd4+ 40. Rxd4 Rxd4+ 41. Kg3 Kf7 42. Rc7+ Kg6 43. Rc6+ Kh5 44. Rc5+ g5 45. Rf5 h6 46. Rf6 Ra4 47. Rf5 Ra3 48. Rd5 Ra4 1/2-1/2

[Event "AUT-ch U16-Open 2025"]
[Site "Fuerstenfeld"]
[Date "2025.04.13"]
[Round "1.7"]
[White "Haselsberger, Armin"]
[Black "Stoegerer, Felix"]
[Result "1/2-1/2"]
[Annotator "NA"]
[ECO "E04"]
[WhiteElo "2004"]
[BlackElo "1726"]
[PlyCount "132"]
[EventDate "2025.04.12"]
[EventType "swiss"]
[EventCountry "AUT"]
[SourceTitle "playchess.com"]
[Source "ChessBase"]
[SourceQuality "1"]
[TimeControl "5400+30"]

1. d4 Nf6 2. c4 e6 3. Nf3 d5 4. g3 dxc4 5. Bg2 Nc6 6. O-O Rb8 7. a4 b6 8. e3 Bb7 9. Nbd2 Na5 10. Qc2 Nd5 11. Nxc4 Nb4 12. Qc3 Nxc4 13. Qxc4 Ba6 14. Qc3 Bxf1 15. Bxf1 c6 16. Bd2 a5 17. Ne5 Rc8 18. Qc1 Bd6 19. Bxb4 Bxe5 20. dxe5 axb4 21. Qc4 Qd2 22. Bg2 O-O 23. b3 Qc3 24. Qxc3 bxc3 25. Rc1 Rfd8 26. Be4 c5 27. Rxc3 Kf8 28. Kg2 h6 29. h4 h5 30. Kf3 Rd2 31. b4 Ra2 32. a5 bxa5 33. bxc5 Ke7 34. c6 Rc7 35. Rc5 a4 36. Ra5 a3 37. g4 hxg4+ 38. Kxg4 f5+ 39. exf6+ gxf6 40. Bf3 Ra1 41. Kh3 f5 42. e4 Rxc6 43. exf5 Rc3 44. Kg2 exf5 45. Rxf5 a2 46. Ra5 Rc4 47. h5 Rc2 48. Bd5 Kf6 49. Ra6+ Ke5 50. Bf7 Rg1+ 51. Kxg1 Rc1+ 52. Kg2 a1=Q 53. Rxa1 Rxa1 54. h6 Kf6 55. h7 Kg7 56. Bg8 Ra3 57. f3 Ra6 58. f4 Rh6 59. Kg3 Rg6+ 60. Kf3 Rh6 61. Kg4 Rg6+ 62. Kf5 Rb6 63. Ke5 Ra6 64. f5 Ra5+ 65. Ke6 Rxf5 66. Kxf5 Kh8 1/2-1/2

[Event "AUT-ch U16-Open 2025"]
[Site "Fuerstenfeld"]
[Date "2025.04.13"]
[Round "1.8"]
[White "Rella, Mario"]
[Black "Nicolussi, Hieronymus"]
[Result "0-1"]
[Annotator "NA"]
[ECO "E67"]
[WhiteElo "1677"]
[BlackElo "1999"]
[PlyCount "54"]
[EventDate "2025.04.12"]
[EventType "swiss"]
[EventCountry "AUT"]
[SourceTitle "playchess.com"]
[Source "ChessBase"]
[SourceQuality "1"]
[TimeControl "5400+30"]

1. d4 Nf6 2. Nf3 g6 3. g3 Bg7 4. Bg2 O-O 5. O-O d6 6. c4 Nbd7 7. Nc3 e5 8. h3 Re8 9. e4 b6 10. Re1 Bb7 11. d5 Nc5 12. b4 Ncd7 13. Be3 Nh5 14. Qd2 a5 15. a3 f5 16. exf5 gxf5 17. Ng5 f4 18. gxf4 exf4 19. Bxf4 Qf6 20. Ne2 Nxf4 21. Ne4 Rxe4 22. Bxe4 Nxh3+ 23. Kh2 Qh4 24. Ng3 Bxa1 25. Nf5 Be5+ 26. Ng3 Nxf2+ 27. Kg1 Qxg3+ 0-1